 Dungeon Crawl Stone Soup version 0.17-a0-1646-geb1493d (webtiles) character file.

94 fiyawerx the Sneak (level 4, -1/23 HPs)
             Began as a Vine Stalker Assassin on Aug 11, 2015.
             Was a Follower of Ashenzari.
             Slain by UristMcKoga's ghost (5 damage)
             ... on level 3 of the Dungeon.
             The game lasted 00:11:06 (1918 turns).

fiyawerx the Sneak (Vine Stalker Assassin)          Turns: 1918, Time: 00:11:06

Health: -1/23      AC:  4    Str: 14    XL:     4   Next: 63%
Magic:  0/5        EV: 11    Int: 12    God:    Ashenzari [*.....]
Gold:   86         SH:  4    Dex: 19    Spells: 0 memorised, 3 levels left

rFire  . . .     SeeInvis .     a - +0 dagger (venom)
rCold  + . .     Clarity  .     c - +0 robe
rNeg   . . .     SustAt   .     v - +0 buckler
rPois  .         Gourm    .     (no helmet)
rElec  .         Spirit   +     t - +0 cloak
rCorr  .         Warding  .     p - +0 pair of gloves
rMut   .         Stasis   .     (no boots)
MR     .....                    (no amulet)
Stlth  ++++......               I - +4 ring of dexterity
                                C - ring of protection from cold

@: not resistant to hostile enchantments, stealthy
A: fangs 2, regeneration 1, magic shield, antimagic bite, no device heal 3, rot
immunity
a: Scrying, Renounce Religion


You were on level 3 of the Dungeon.
You worshipped Ashenzari.
Ashenzari was aware of your devotion.
You were not hungry.

You visited 1 branch of the dungeon, and saw 3 of its levels.

You collected 86 gold pieces.

Inventory:

Hand weapons
 a - a +0 dagger of venom (weapon)
 b - a +0 blowgun
 q - a +2 dagger
 r - a +0 hunting sling
 s - a +3 dagger
Missiles
 e - 31 poisoned needles
 f - 2 curare-tipped needles
 j - 109 stones (quivered)
 x - 4 needles of sleeping
Armour
 c - a +0 robe (worn)
 d - a +0 cloak
 p - a +0 pair of gloves (worn)
 t - a +0 cloak (worn)
 v - a +0 buckler (worn)
 w - a cursed +0 plate armour
 y - a +0 leather armour
Jewellery
 C - a ring of protection from cold (left hand)
 D - a cursed ring of teleportation
 H - an uncursed ring of protection from cold
 I - a +4 ring of dexterity (right hand)
Scrolls
 i - 5 scrolls of identify {unknown}
 k - 3 scrolls of enchant armour {unknown}
 l - a scroll of magic mapping {unknown}
 m - 2 scrolls of random uselessness {unknown}
 n - a scroll of recharging {unknown}
 u - a scroll of remove curse
 F - a scroll of teleportation {unknown}
 J - a scroll of blinking {unknown}
 K - a scroll of amnesia {unknown}
Potions
 h - a potion of curing
 z - a potion of brilliance {unknown}
 A - 2 potions of lignification {unknown}
Comestibles
 g - 3 bread rations
 o - a royal jelly
 B - a meat ration
 E - a beef jerky
 G - 3 fruits


   Skills:
 * Level 2.1 Fighting
 + Level 2.0 Short Blades
 * Level 2.2 Throwing
 + Level 1.1 Dodging
 * Level 6.4 Stealth
 + Level 0.1 Shields


You had 3 spell levels left.
You didn't know any spells.

Dungeon Overview and Level Annotations

Branches:
Dungeon (3/15)

Altars:
Ashenzari
Kikubaaqudgha

Annotations:
D:3 UristMcKoga's ghost, average FoSk


Innate Abilities, Weirdness & Mutations

You have extremely sharp teeth.
Your natural rate of healing is unusually fast.
When hurt, damage is shared between your health and your magic reserves.
Your bite disrupts and absorbs the magic of your enemies.
Potions and wands cannot restore your health.
You are immune to rotting.


Message History

UristMcKoga's ghost keens inconsolably.
UristMcKoga's ghost barely misses you.
You miss UristMcKoga's ghost. Your bite misses UristMcKoga's ghost.
UristMcKoga's ghost is moderately damaged.
UristMcKoga's ghost hits you but does no damage.
You hit UristMcKoga's ghost. Your bite misses UristMcKoga's ghost.
UristMcKoga's ghost is moderately damaged.
UristMcKoga's ghost hits you but does no damage.
You hit UristMcKoga's ghost. Your bite misses UristMcKoga's ghost.
UristMcKoga's ghost is moderately damaged.
UristMcKoga's ghost closely misses you.
You hit UristMcKoga's ghost but do no damage.
You bite UristMcKoga's ghost. You drain its power.
UristMcKoga's ghost is moderately damaged.
UristMcKoga's ghost hits you!
* * * LOW HITPOINT WARNING * * *
You closely miss UristMcKoga's ghost.
UristMcKoga's ghost is moderately damaged.
UristMcKoga's ghost hits you!
You die...

###...## ###......#
.'......#
####......#
...'......#
.##.##......#
....?.......#
###.#.....W.#
#.#####@# #.#####.#
# #.....#
#########.#####
.......#.######
#...#.#.#....#
+...#.#.#....######
#...#.#.#....'....#
#.....#.#....####.#


You could see UristMcKoga's ghost.

Vanquished Creatures
  6 adders (D:2)
  An adder skeleton (D:3)
  A worm (D:2)
  3 giant geckos
  A ball python (D:2)
  5 bats
  A hobgoblin (D:2)
  8 kobolds
  A quokka (D:2)
  A giant cockroach (D:2)
  3 giant newts
  3 goblins
  3 rats
37 creatures vanquished.

Vanquished Creatures (others)
  A human (D:2)
1 creature vanquished.

Grand Total: 38 creatures vanquished

Notes
Turn   | Place    | Note
--------------------------------------------------------------
     0 | D:1      | fiyawerx the Vine Stalker Assassin began the quest for the Orb.
     0 | D:1      | Reached XP level 1. HP: 11/11 MP: 2/2
   261 | D:1      | Reached skill level 5 in Stealth
   294 | D:1      | Reached XP level 2. HP: 15/15 MP: 3/3
   761 | D:2      | Reached XP level 3. HP: 6/18 MP: 2/4
   969 | D:2      | Found a faded altar to an unknown god.
   981 | D:2      | Became a worshipper of Ashenzari the Shackled
   981 | D:2      | Acquired Ashenzari's first power
  1234 | D:2      | Found an ancient bone altar of Kikubaaqudgha.
  1234 | D:2      | Noticed a human
  1250 | D:2      | Reached skill level 1 in Dodging
  1270 | D:2      | Reached skill level 6 in Stealth
  1275 | D:2      | Reached XP level 4. HP: 11/23 MP: 2/5
  1649 | D:2      | Killed a human
  1862 | D:3      | Noticed UristMcKoga's ghost (average FoSk)
  1918 | D:3      | Slain by UristMcKoga's ghost

Vault maps used:
D:1:      minmay_arrival_stair_chambers
D:2:      ecumenical_altar_2, first_bread, tgw_kikubaaqudgha
D:3:      nicolae_ru_awakened_eye, bloody_trog, uniq_grinder

Action                   |  1- 3 |  4- 6 || total
-------------------------+-------+-------++-------
Melee: Dagger            |    79 |    38 ||   117
 Fire: Blowgun           |       |     2 ||     2
Invok: Scrying           |       |     1 ||     1
  Use: Potion            |     1 |       ||     1
 Stab: Sleeping          |     6 |     6 ||    12
  Eat: Chunk             |     1 |     2 ||     3
